 Dungeon Crawl Stone Soup version 0.31-a0-1074-g0b22e4e0f1 (webtiles) character file.

Game seed: 17412626687753877546

161 bmb222 the Chopper (level 5, -2/47 HPs)
             Began as a Minotaur Fighter on Nov 28, 2023.
             Killed by divine providence
             ... invoked by an orc priest
              (15 damage)
             ... on level 3 of the Dungeon.
             The game lasted 00:01:45 (2004 turns).

bmb222 the Chopper (Minotaur Fighter)               Turns: 2004, Time: 00:01:46

Health: -2/47      AC:  8    Str: 23    XL:     5   Next: 19%
Magic:  4/4        EV:  9    Int:  5    God:
Gold:   98         SH:  4    Dex:  9    Spells: 4/4 levels left

rFire   . . .        a - +0 war axe
rCold   . . .        c - +0 buckler
rNeg    . . .        b - +0 scale mail
rPois   .            (helmet restricted)
rElec   .            (no cloak)
rCorr   .            i - +0 pair of gloves
SInv    .            (no boots)
Will    .....        n - amulet of the acrobat Stlth
                     (no ring)
HPRegen 0.27/turn    (no ring)
MPRegen 0.09/turn

%: acrobat
@: mighty, lethally poisoned (-2 -> -7)
A: horns 2, retaliatory headbutt
a: no special abilities


You were on level 3 of the Dungeon.
You visited 1 branch of the dungeon, and saw 3 of its levels.

You collected 98 gold pieces.

Inventory:

Hand Weapons
 a - a +0 war axe (weapon)
Armour
 b - a +0 scale mail (worn)
 c - a +0 buckler (worn)
 f - a +0 ring mail
 i - a +0 pair of gloves (worn)
Jewellery
 n - an amulet of the acrobat (around neck)
Talismans
 s - a maw talisman
Scrolls
 g - a scroll of poison {unknown}
 h - a scroll of identify {unknown}
 j - 2 scrolls of fog {unknown}
 k - 2 scrolls of teleportation {unknown}
 l - a scroll of vulnerability {unknown}
 o - 2 scrolls of acquirement {unknown}
 p - 2 scrolls of enchant weapon {unknown}
 q - a scroll of noise {unknown}
Potions
 d - a potion of might
 e - a potion of berserk rage {unknown}
 m - 2 potions of curing {unknown}
 r - a potion of resistance {unknown}
 t - a potion of lignification {unknown}


   Skills:
 + Level 4.3 Fighting
 + Level 4.8 Axes
 + Level 4.7 Armour
 + Level 0.3 Dodging
 + Level 0.1 Stealth
 + Level 4.1 Shields


You had 4 spell levels left.
You didn't know any spells.
Your spell library contained the following spells:

 Spells                   Type           Power      Damage    Failure   Level
 Tukima's Dance           Hex            0%         N/A       99%         3
 Passage of Golubria      Tloc           0%         N/A       100%        4
 Yara's Violent Unravell  Hex/Tmut       0%         3d3       100%        5


Dungeon Overview and Level Annotations

Branches:
Dungeon (3/15)

Altars:


Innate Abilities, Weirdness & Mutations

You have a pair of horns on your head.
You reflexively headbutt those who attack you in melee.


Message History

You see here 3 stones.
You see here a +2 hat.
No target in view!
You see here 3 stones.
An orc priest and an orc come into view.
The orc priest shouts!
The orc shouts!
An orc wizard comes into view. It is wielding a +0 dagger.
An orc comes into view.
It is wielding a +0 flail and quivering poisoned darts.
The orc shouts!
The orc priest calls down the wrath of Beogh upon you.
Beogh smites you!
You hear a shout!
An orc priest comes into view. It is wielding a +0 dagger.
The orc barely misses you.
An adder comes into view.
The orc priest moves out of view.
You slash the orc wizard!
The orc wizard is heavily wounded.
You slash the orc!
You kill the orc!
The orc wizard hits you but does no damage.
The orc throws a poisoned dart.
The poisoned dart hits you!
You are poisoned.
The orc priest hits you but does no damage.
The orc wizard hits you with a +0 dagger.
You hit the orc priest.
The orc priest is heavily wounded.
You slash the orc wizard!
You kill the orc wizard!
You feel very sick.
The orc priest invokes the aid of Beogh against you.
Beogh smites you!
The orc priest hits you with a +0 dagger.
* * * LOW HITPOINT WARNING * * *
You have reached level 5!
You feel very mighty all of a sudden.
You feel sick.
The orc priest calls down the wrath of Beogh upon you.
Beogh smites you!
You die...

♣♣♣♣#..##.###.# #
♣♣♣.)♣....).###.# #
♣♣♣............##.# #
♣[(.............#.#
###♣♣♣...............#
.....♣♣♣..♣..####..#.#
..o..S♣♣♣♣#.# #..#.#
##oo.## #.# #..#.#
#..)@.###.####..#.#
#...$...........#.#
#.....#########.#.#
##...## ....# #.### #.
##


You could see 2 orc priests, an adder and an orc.

Vanquished Creatures
  2 sleepcaps (D:3)
  An orc wizard (D:3)
  4 adders
  A dart slug (D:2)
  An orc (D:3)
  6 ball pythons
  4 endoplasms
  2 giant cockroaches
  3 goblins
  4 jackals (D:1)
  2 quokkas
  4 bats (D:1)
  2 frilled lizards (D:1)
  4 kobolds
  6 rats
46 creatures vanquished.

Notes
Turn   | Place    | Note
-------+----------+-------------------------------------------
     0 | D:1      | bmb222 the Minotaur Fighter began the quest for the Orb.
     0 | D:1      | Reached XP level 1. HP: 19/19 MP: 0/0
   190 | D:1      | Reached XP level 2. HP: 19/27 MP: 1/1
  1319 | D:2      | Reached XP level 3. HP: 33/33 MP: 2/2
  1836 | D:3      | Reached XP level 4. HP: 40/40 MP: 3/3
  2004 | D:3      | Reached XP level 5. HP: 14/47 MP: 4/4
  2004 | D:3      | Killed from afar by an orc priest

Illustrated notes

Levels and vault maps discovered:
D:1:      wheals_arrival_linesprint, layout_loops_corners, serial_bayou_pond_d,
          roderic_three_in_a_row
D:2:      minmay_chambers_of_ones, layout_loops_cross, serial_glass,
          glass_columns_a, glass_columns_a, minmay_strange_pillars,
          minmay_strange_pillars
D:3:      layout_loops_ring, grunt_decor_clamped, nrook_mini_vaults,
          hellmonk_no_cap, uniq_crazy_yiuf_cottage

Skill      XL: |  1  2  3 |
---------------+----------+-----
Armour         | 4 |  4.7
Fighting       | 4 |  4.3
Shields        | 4 |  4.1
Axes           | 4 |  4.8
Dodging        | |  0.3
Stealth        | |  0.1

Action                     |  1- 3 |  4- 6 || total
---------------------------+-------+-------++-------
  Melee: War axe           |    63 |    13 ||    76
         Headbutt          |     5 |     3 ||     8
    Use: Potion            |       |     1 ||     1
 Armour: Scale mail        |    40 |     9 ||    49
         Ring mail         |     1 |       ||     1
  Dodge: Dodged            |    32 |     8 ||    40
  Block: Buckler           |    14 |     3 ||    17

Table legend: (Time is in decaauts)
 A = Elapsed time spent in this place.
 B = Non-inter-level travel time spent in this place.
 C = Inter-level travel time spent in this place.
 D = Time resting spent in this place.
 E = Time spent auto-exploring this place.
 F = Levels seen in this place.
 G = Mean time per level.
                   A        B        C        D        E       F      G
               +--------+--------+--------+--------+--------+-----+--------+
         Total |   2035 |   1938 |     97 |     25 |   1629 |   3 |  678.3 |
       Dungeon |   2035 |   1938 |     97 |     25 |   1629 |   3 |  678.3 |
               +--------+--------+--------+--------+--------+-----+--------+

Top non-repeatable levels by time:
     D:1: 1206 daAuts
     D:2: 640 daAuts
     D:3: 188 daAuts
